 Dungeon Crawl Stone Soup version 0.28-a0-819-g6ef7baa362 (webtiles) character file.

Game seed: 5611324932686954771

14 flyleaff the Insei (level 2, 0/22 HPs)
             Began as a Djinni Transmuter on Nov 9, 2021.
             Slain by a gnoll (6 damage)
             ... on level 1 of the Dungeon.
             The game lasted 00:02:50 (1589 turns).

flyleaff the Insei (Djinni Transmuter)              Turns: 1589, Time: 00:02:51

Health: 0/22       AC:  2    Str:  9    XL:     2   Next: 60%
Gold:   40         EV: 12    Int: 14    God:
                   SH:  0    Dex: 13

rFire   + + .      SeeInvis .     - Unarmed
rCold   x . .      Faith    .   (no shield)
rNeg    . . .      Spirit   .   a - +0 robe
rPois   ∞          Reflect  .   (no helmet)
rElec   .          Harm     .   (no cloak)
rCorr   .          Rampage  .   (no gloves)
Will    .....                   (boots unavailable)
Stlth   +.........              (no amulet)
HPRegen 0.07/turn               (no ring)
MPRegen 0.00/turn               (no ring)

@: wereblooded, flying
A: sickness immunity, fire resistance 2, cold vulnerability 1, float, innate
caster, hp casting, extra vitality 1
a: no special abilities


You were on level 1 of the Dungeon.
You visited 1 branch of the dungeon, and saw 1 of its levels.

You collected 40 gold pieces.

Inventory:

Armour
 a - a +0 robe (worn)
Potions
 b - a potion of heal wounds {unknown}
 c - a potion of might {unknown}


   Skills:
 * Level 1.6 Fighting
 + Level 2.4 Dodging
 + Level 3.1 Unarmed Combat
 + Level 1.7 Spellcasting


You couldn't memorise any spells.
You knew the following spells:

 Your Spells              Type           Power      Damage    Failure   Level
a - Beastly Appendage     Tmut           12%        N/A       12%         1
b - Wereblood             Tmut           6%         N/A       19%         2
c - Spider Form           Tmut/Pois      6%         N/A       34%         3
d - Ice Form              Ice/Tmut       6%         N/A       75%         4
Your spell library was empty.

Dungeon Overview and Level Annotations

Branches:
Dungeon (1/15)

Altars:


Innate Abilities, Weirdness & Mutations

You are immune to sickness and miasma.
You are immune to poison.
Your flesh is very heat resistant. (rF++)
You are vulnerable to cold. (rC-)
You float through the air rather than walking.
You learn spells naturally, not from books.
Your magical power is your life essence.
You have superior vitality. (+4 HP)


Message History

An endoplasm, a gnoll and a kobold come into view.
The gnoll shouts!
The endoplasm quivers.
Found a scroll labelled POIGHI APHUXUA.
Casting: Wereblood (safe; 19% risk of failure)
Confirm with . or Enter, or press ? or * to list all spells.
Your blood is infused with primal strength.
The gnoll completely misses you.
Casting: Wereblood (safe; 19% risk of failure)
Confirm with . or Enter, or press ? or * to list all spells.
You grow a pair of large bovine horns.
Your transformation is almost over.
The gnoll barely misses you. The kobold misses you.
The gnoll hits you from afar with a +0 spear.
You closely miss the kobold. The kobold hits you with a +0 club.
The gnoll hits you from afar with a +0 spear.
You hit the kobold.
You feel a bit better.
You kill the kobold!
The gnoll barely misses you. The gnoll closely misses you.
You see here a +0 club.
You hit the gnoll.
The gnoll is moderately wounded.
The gnoll hits you with a +0 spear.
You hit the gnoll. Your headbutt misses the gnoll.
The gnoll is heavily wounded.
The gnoll hits you with a +0 spear.
* * * LOW HITPOINT WARNING * * *
You hit the gnoll but do no damage.
The gnoll is heavily wounded.
The gnoll barely misses you.
You hit the gnoll. You headbutt the gnoll.
The gnoll is severely wounded.
The gnoll closely misses you.
You hit the gnoll but do no damage.
The gnoll is severely wounded.
Your horns disappear.
The gnoll hits you with a +0 spear.
You die...

###. #.........#
.... +......?..+
###. .........
....... ..... .J.
#g# #@# ###.##
####....#
#.......##
#.##...#.########
##.##..###........
........#.########
#.###...## # #..##


You could see a gnoll and an endoplasm.

Vanquished Creatures
  An endoplasm (D:1)
  2 giant cockroaches (D:1)
  5 quokkas (D:1)
  2 ball pythons (D:1)
  A bat (D:1)
  2 kobolds (D:1)
13 creatures vanquished.

Notes
Turn   | Place    | Note
-------+----------+-------------------------------------------
     0 | D:1      | flyleaff the Djinni Transmuter began the quest for the Orb.
     0 | D:1      | Reached XP level 1. HP: 17/17 MP: 0/0
   577 | D:1      | Reached XP level 2. HP: 10/22 MP: 0/0
  1589 | D:1      | Slain by a gnoll

Illustrated notes

Levels and vault maps discovered:
D:1:      tarquinn_simple_flora_water_a, layout_loops_corners

Action                   || total
-------------------------++-------
Melee: Unarmed           ||    62
       Headbutt          ||     7
 Cast: Beastly Appendage ||    11
       Wereblood         ||     2
Armor: Robe              ||     8
Dodge: Dodged            ||    40

Table legend: (Time is in decaauts)
 A = Elapsed time spent in this place.
 B = Non-inter-level travel time spent in this place.
 C = Inter-level travel time spent in this place.
 D = Time resting spent in this place.
 E = Time spent auto-exploring this place.
 F = Levels seen in this place.
 G = Mean time per level.
                   A        B        C        D        E       F      G
               +--------+--------+--------+--------+--------+-----+--------+
         Total |   1585 |   1585 |      0 |      0 |   1459 |   1 | 1585.0 |
       Dungeon |   1585 |   1585 |      0 |      0 |   1459 |   1 | 1585.0 |
               +--------+--------+--------+--------+--------+-----+--------+

Top non-repeatable levels by time:
     D:1: 1585 daAuts
